 Dungeon Crawl Stone Soup version 0.28-a0-1190-g77e1c55843 (webtiles) character file.

Game seed: 17939386886231204405

470 Glokmah the Caller (level 6, -2/51 HPs)
             Began as a Draconian Summoner on Dec 18, 2021.
             Slain by Duvessa (13 damage)
             ... on level 4 of the Dungeon.
             The game lasted 00:06:14 (4524 turns).

Glokmah the Caller (Draconian Summoner)             Turns: 4524, Time: 00:06:15

Health: -2/51      AC:  6    Str: 11    XL:     6   Next: 82%
Magic:  3/11       EV: 12    Int: 17    God:
Gold:   83         SH:  0    Dex: 11    Spells: 2/12 levels left

rFire   + . .      SeeInvis .   a - +1 dagger (venom)
rCold   . . .      Faith    .   (no shield)
rNeg    . . .      Spirit   .   (armour unavailable)
rPois   +          Reflect  .   (helmet restricted)
rElec   .          Harm     .   c - scarf {shadows}
rCorr   .          Rampage  .   (no gloves)
Will    .....                   (no boots)
Stlth   +.........              (no amulet)
HPRegen 0.17/turn               d - ring of protection from fire
MPRegen 0.12/turn               g - ring of poison resistance

@: lit by a corona, glowing
A: AC +6, unfitting armour, cold-blooded
a: no special abilities


You were on level 4 of the Dungeon.
You visited 1 branch of the dungeon, and saw 4 of its levels.

You collected 83 gold pieces.

Inventory:

Hand Weapons
 a - a +1 dagger of venom (weapon)
 f - a +1 short sword of speed
Missiles
 j - a throwing net
 k - 19 poisoned darts
Armour
 c - a scarf of shadows (worn)
Jewellery
 d - a ring of protection from fire (left hand)
 g - a ring of poison resistance (right hand)
 i - an amulet of faith
 l - a +4 ring of evasion
Scrolls
 e - a scroll of identify
Potions
 b - 2 potions of attraction
 h - a potion of lignification


   Skills:
 + Level 3.4 Fighting
 - Level 1.7 Dodging
 - Level 1.7 Stealth
 + Level 3.6 Spellcasting
 * Level 6.3 Summonings
 + Level 1.6 Air Magic


You had 2 spell levels left.
You knew the following spells:

 Your Spells              Type           Power      Damage    Failure   Level
a - Summon Small Mammal   Summ           96%        N/A       1%          1
b - Call Imp              Summ           24%        N/A       1%          2
c - Call Canine Familiar  Summ           24%        N/A       3%          3
d - Summon Lightning Spi  Summ/Air       16%        N/A       32%         4

Your spell library contained the following spells:

 Spells                   Type           Power      Damage    Failure   Level
 Summon Guardian Golem    Hex/Summ       13%        N/A       13%         3


Dungeon Overview and Level Annotations

Branches:
Dungeon (4/15)
 Temple: D:4-7

Altars:

Annotations:
D:4 Duvessa


Innate Abilities, Weirdness & Mutations

Your plain brown scales are hard. (AC +6)
You cannot fit into any form of body armour.
You are cold-blooded and may be slowed by cold attacks.


Message History

Confirm with . or Enter, or press ? or * to list all spells.
A beastly little devil appears in a puff of flame.
Your crimson imp says, "I give in to your service, O magnificent and greatest voivode!"
Casting: Call Imp (safe; 1% risk of failure)
Confirm with . or Enter, or press ? or * to list all spells.
Your lightning spire shoots out a bolt of lightning at Dowan!
The bolt of electricity hits Dowan!
The bolt of electricity hits Dowan.
Your crimson imp blinks!
Unknown command.
You barely miss Duvessa. You tail-slap Duvessa.
Duvessa is lightly wounded.
Duvessa misses you.
Your hound bites Duvessa.
Your lightning spire shoots out a bolt of lightning at Dowan!
The bolt of electricity hits Dowan! x2
Dowan dies!
Duvessa weeps, then rights herself and shakes her weapon.
Duvessa goes berserk!
The bolt of electricity hits your lightning spire.
Your lightning spire completely resists.
Duvessa hits you with a +0 short sword.
You hit Duvessa but do no damage.
Duvessa is lightly wounded.
Your hound bites Duvessa.
Duvessa hits you with a +0 short sword!
You hit Duvessa.
Duvessa is poisoned.
Duvessa is moderately wounded.
Duvessa hits you but does no damage.
Your hound completely misses Duvessa.
Duvessa barely misses you.
You hit Duvessa but do no damage.
Duvessa looks as sick as possible!
Duvessa is moderately wounded.
Your hound bites Duvessa.
Duvessa hits you with a +0 short sword!
Your crimson imp blinks!
Your hound bites Duvessa but does no damage.
You closely miss Duvessa.
Duvessa is moderately wounded.
Duvessa hits you with a +0 short sword!
* * * LOW HITPOINT WARNING * * *
Your hound misses Duvessa.
Your crimson imp hits Duvessa but does no damage.
Duvessa hits you with a +0 short sword!
You die...

###.##########.#
..†..).#######.####
..................#
###.#..[..####.#..#
###.......####.#..##
........(..........##############
##...[....>......................
..........#####..#.#############.
##.####..)# #.@#.# #. #. #...#
#he#.# #. #.# ###.#####5.#.# #.
.....###.....8).#.# ##.
.........#####.#.# #.. .##.####.#
#.#.# #(# #.# #.#.# #.# #.# #.#.#
#.# ##... #.#.# #.#


You could see Duvessa (berserk, fast, extremely poisoned, ally target), a
friendly lightning spire (summoned), a friendly hound (summoned) and a friendly
crimson imp (summoned).

Vanquished Creatures
  Natasha (thrice) (D:3)
  2 orc wizards (D:3)
  Robin (D:3)
  4 gnolls (D:2)
  An adder (D:2)
  An adder skeleton (D:2)
  A worm (D:3)
  A dart slug (D:1)
  5 orcs (D:3)
  7 endoplasms
  10 goblins
  9 hobgoblins
  2 jackals (D:2)
  4 kobolds
  A quokka (D:4)
  4 ball pythons
  7 bats
  2 frilled lizards
  2 rats (D:3)
67 creatures vanquished.

Vanquished Creatures (collateral kills)
  An ogre (D:4)
  Dowan (D:4)
  An iguana (D:4)
  2 adders (D:2)
  3 orcs (D:3)
  2 bats
  5 endoplasms
  3 goblins
  5 hobgoblins
  A jackal (D:2)
  A quokka (D:1)
  2 kobolds
  A rat (D:2)
28 creatures vanquished.

Vanquished Creatures (others)
  5 plants (D:3)
5 creatures vanquished.

Grand Total: 100 creatures vanquished

Notes
Turn   | Place    | Note
-------+----------+-------------------------------------------
     0 | D:1      | Glokmah the Draconian Summoner began the quest for the Orb.
     0 | D:1      | Reached XP level 1. HP: 14/14 MP: 3/3
   399 | D:1      | Reached XP level 2. HP: 22/22 MP: 1/5
   712 | D:1      | Reached skill level 1 in Fighting
   926 | D:1      | Learned a level 2 spell: Call Imp
  1604 | D:2      | Reached XP level 3. HP: 28/28 MP: 1/6
  1834 | D:2      | Learned a level 3 spell: Call Canine Familiar
  1899 | D:2      | Reached XP level 4. HP: 19/36 MP: 2/7
  2204 | D:2      | Reached skill level 5 in Summonings
  2600 | D:3      | Noticed Robin
  2620 | D:3      | Reached XP level 5. HP: 13/41 MP: 5/9
  2624 | D:3      | Killed Robin
  2873 | D:3      | Noticed Natasha
  2901 | D:3      | Killed Natasha
  2990 | D:3      | Noticed Natasha
  3001 | D:3      | Killed Natasha
  3171 | D:3      | Learned a level 4 spell: Summon Lightning Spire
  3510 | D:3      | Noticed Natasha
  3519 | D:3      | Killed Natasha
  3637 | D:3      | Reached XP level 6. HP: 41/50 MP: 3/10
  4258 | D:4      | Reached skill level 6 in Summonings
  4258 | D:4      | Reached skill level 1 in Air Magic
  4506 | D:4      | Noticed Duvessa
  4506 | D:4      | Noticed Dowan
  4520 | D:4      | Killed Dowan
  4524 | D:4      | Slain by Duvessa

Illustrated notes

Levels and vault maps discovered:
D:1:      dpeg_arrival_stone_temple_mockup, layout_basic, minmay_statues_item,
          st_stairs_9, interstate_on_off, minmay_parallelograms
D:2:      layout_rooms
D:3:      layout_loops_ring, serial_forest, infiniplex_forest_straight_3,
          infiniplex_forest_lined_1, infiniplex_forest_clump_curved,
          infiniplex_forest_end_1, infiniplex_forest_lined_ring,
          infiniplex_forest_clump_long, infiniplex_forest_clump_tiny,
          infiniplex_forest_lined_ring, infiniplex_forest_lined_2,
          uniq_crazy_yiuf_cottage, uniq_robin, uniq_natasha
D:4:      layout_loops_ring, kennysheep_generic_room_14, uniq_duvessa

Skill      XL: |  1  2  3  4  5  6 |
---------------+-------------------+-----
Fighting       | 1 2 3 |  3.4
Summonings     | 5 6 |  6.3
Spellcasting   | 3 |  3.6
Air Magic      | 1 |  1.6
Dodging        | |  1.7
Stealth        | |  1.7

Action                   |  1- 3 |  4- 6 || total
-------------------------+-------+-------++-------
Melee: Dagger            |    72 |   126 ||   198
       Tailslap          |     5 |    18 ||    23
       Short sword       |    31 |     9 ||    40
 Cast: Summon Small Mamm |    26 |       ||    26
       Call Imp          |     9 |    16 ||    25
       Call Canine Famil |     1 |    10 ||    11
       Summon Lightning  |       |     3 ||     3
  Use: Scroll            |       |     4 ||     4
 Stab: Sleeping          |       |     1 ||     1
       Distracted        |       |     1 ||     1
Armor: Skin              |    41 |    42 ||    83
Dodge: Dodged            |    79 |    73 ||   152

Table legend: (Time is in decaauts)
 A = Elapsed time spent in this place.
 B = Non-inter-level travel time spent in this place.
 C = Inter-level travel time spent in this place.
 D = Time resting spent in this place.
 E = Time spent auto-exploring this place.
 F = Levels seen in this place.
 G = Mean time per level.
                   A        B        C        D        E       F      G
               +--------+--------+--------+--------+--------+-----+--------+
         Total |   4516 |   4392 |    124 |    244 |   3388 |   4 | 1129.0 |
       Dungeon |   4516 |   4392 |    124 |    244 |   3388 |   4 | 1129.0 |
               +--------+--------+--------+--------+--------+-----+--------+

Top non-repeatable levels by time:
     D:3: 1644 daAuts
     D:1: 1600 daAuts
     D:2: 980 daAuts
     D:4: 291 daAuts
